 Dungeon Crawl Stone Soup version 0.27-a0-906-g0a00ce863d (webtiles) character file.

Game seed: 8692105142364167778

406 leviel the Slasher (level 6, -1/56 HPs)
             Began as a Hill Orc Fighter on Apr 7, 2021.
             Slain by a hobgoblin (2 damage)
             ... on level 4 of the Dungeon.
             The game lasted 00:02:50 (2425 turns).

leviel the Slasher (Hill Orc Fighter)               Turns: 2425, Time: 00:02:50

Health: -1/56      AC:  9    Str: 21    XL:     6   Next: 87%
Magic:  6/6        EV:  8    Int:  8    God:
Gold:   59         SH:  9    Dex: 10    Spells: 5/5 levels left

rFire    . . .     SeeInvis .   a - +0 long sword
rCold    . . .     Faith    .   c - +0 kite shield
rNeg     . . .     Spirit   .   b - +0 scale mail
rPois    .         Reflect  .   (no helmet)
rElec    .         Harm     .   (no cloak)
rCorr    .         Rampage  .   m - +1 pair of gloves
Will     .....                  (no boots)
Stlth    ..........             (no amulet)
HPRegen  0.18/turn              (no ring)
MPRegen  0.10/turn              (no ring)

@: mighty
A: no striking features
a: no special abilities


You were on level 4 of the Dungeon.
You visited 1 branch of the dungeon, and saw 4 of its levels.

You collected 59 gold pieces.

Inventory:

Hand Weapons
 a - a +0 long sword (weapon)
Missiles
 n - a throwing net (quivered)
Armour
 b - a +0 scale mail (worn)
 c - a +0 kite shield (worn)
 m - a +1 pair of gloves (worn)
Scrolls
 g - a scroll of acquirement {unknown}
 i - a scroll of fear {unknown}
Potions
 e - a potion of attraction {unknown}
 f - a potion of lignification {unknown}
 h - a potion of degeneration {unknown}
 j - a potion of cancellation {unknown}
 k - a potion of heal wounds {unknown}
 l - a potion of berserk rage {unknown}


   Skills:
 + Level 5.0 Fighting
 + Level 5.1 Long Blades
 + Level 4.4 Armour
 + Level 1.2 Dodging
 + Level 4.5 Shields


You had 5 spell levels left.
You didn't know any spells.
Your spell library contained the following spells:

 Spells                   Type           Power      Damage    Failure   Level
 Confusing Touch          Hex            0%         N/A       100%        3
 Gell's Gravitas          Tloc           0%         N/A       100%        3
 Petrify                  Tmut/Erth      0%         N/A       100%        4
 Metabolic Englaciation   Hex/Ice        0%         N/A       100%        5
 Yara's Violent Unravell  Hex/Tmut       0%         3d3       100%        5


Dungeon Overview and Level Annotations

Branches:
Dungeon (3/15)

Altars:

Annotations:
D:4 Blork the orc


Message History

The orc priest shouts, "Join the one true god or die!"
The orc priest hits you with a +0 short sword.
* * * LOW HITPOINT WARNING * * *
The jackal bites you.
* * * LOW HITPOINT WARNING * * *
You barely miss the orc priest.
The orc priest is heavily wounded.
The jackal barely misses you.
You riposte.
You closely miss the jackal. You block the jackal's attack.
You block the orc priest's attack.
The jackal bites you but does no damage.
Blork the orc suddenly jeers.
The jackal barely misses you.
You slash the orc priest!
You kill the orc priest!
The jackal barely misses you. x2; You riposte.
You slash the jackal!
You kill the jackal!
The jackal bites you but does no damage.
You closely miss the orc.
Blork the orc hits you but does no damage.
The orc hits you but does no damage. The jackal bites you.
* * * LOW HITPOINT WARNING * * *
The hobgoblin barely misses you.
Blork the orc screams, "I'll decorate my home with your organs!"
You block Blork the orc's attack. You block the orc's attack.
The jackal barely misses you.
You riposte.
You slash the jackal!
You kill the jackal!
You closely miss the orc.
Blork the orc screams, "I'll eat your brain!
And then I'll vomit it back up!"
Blork the orc hits you from afar with a +0 trident.
* * * LOW HITPOINT WARNING * * *
The hobgoblin hits you but does no damage.
The orc hits you but does no damage. You block Blork the orc's attack.
The hobgoblin hits you.
* * * LOW HITPOINT WARNING * * *
You slash the orc!
You kill the orc!
Blork the orc closely misses you.
Blork the orc hits you but does no damage.
The hobgoblin hits you.
You die...

. . .#.### ##....
..#.# .... #..
#)# ###@# #hg.#
##o### ###..#
#.#####...######.
..............o..
##.####.##.....#.
...< g......
...##.........


You could see Blork the orc (fast), a jackal and a hobgoblin.

Vanquished Creatures
  A necrophage (D:4)
  An orc priest (D:4)
  A hound (D:4)
  3 orc wizards (D:4)
  Robin (D:2)
  6 gnolls (D:2)
  5 adders (D:2)
  A worm (D:2)
  2 dart slugs
  3 orcs (D:4)
  3 endoplasms
  7 giant cockroaches
  11 goblins
  8 hobgoblins
  3 jackals (D:4)
  3 kobolds
  2 quokkas
  A ball python (D:1)
  6 bats
  3 frilled lizards (D:1)
  5 rats
76 creatures vanquished.

Notes
Turn   | Place    | Note
-------+----------+-------------------------------------------
     0 | D:1      | leviel the Hill Orc Fighter began the quest for the Orb.
     0 | D:1      | Reached XP level 1. HP: 19/19 MP: 1/1
   256 | D:1      | Reached XP level 2. HP: 26/27 MP: 2/2
   713 | D:1      | Reached XP level 3. HP: 30/33 MP: 3/3
  1241 | D:2      | Reached XP level 4. HP: 28/40 MP: 4/4
  1257 | D:2      | Noticed Robin
  1602 | D:2      | Reached XP level 5. HP: 28/47 MP: 5/5
  1646 | D:2      | Killed Robin
  2385 | D:2      | You fall into a shaft and drop 2 floors!
  2387 | D:4      | Noticed a necrophage
  2389 | D:4      | Noticed Blork the orc
  2397 | D:4      | Reached skill level 1 in Dodging
  2410 | D:4      | Killed a necrophage
  2411 | D:4      | Reached XP level 6. HP: 23/55 MP: 6/6
  2418 | D:4      | Reached skill level 5 in Fighting
  2418 | D:4      | Reached skill level 5 in Long Blades
  2424 | D:4      | HP: 2/56 [Blork the orc/+0 trident (1)]
  2425 | D:4      | Slain by a hobgoblin

Illustrated notes

Levels and vault maps discovered:
D:1:      ncdulo_smallfort, layout_basic, chequers_serial_rivers_micro_b,
          minmay_misc_feat_cross
D:2:      layout_loops_ring, uniq_robin
D:3:      layout_basic, chequers_ecumenical_altar_twisty,
          minmay_misc_feat_hallway
D:4:      layout_rooms, grunt_temple_overflow_open, temple_green,
          uniq_blork_the_orc

Skill      XL: |  1  2  3  4  5  6 |
---------------+-------------------+-----
Long Blades    | 3 4 5 |  5.1
Fighting       | 4 5 |  5.0
Armour         | 4 |  4.4
Dodging        | 1 |  1.2
Shields        | 4 |  4.5

Action                   |  1- 3 |  4- 6 || total
-------------------------+-------+-------++-------
Melee: Long sword        |   117 |   109 ||   226
  Use: Potion            |       |     2 ||     2
Armor: Scale mail        |    68 |    67 ||   135
Dodge: Dodged            |    42 |    55 ||    97
Block: Kite shield       |    82 |    83 ||   165
       Rpst.: Long sword |    15 |    19 ||    34

Table legend: (Time is in decaauts)
 A = Elapsed time spent in this place.
 B = Non-inter-level travel time spent in this place.
 C = Inter-level travel time spent in this place.
 D = Time resting spent in this place.
 E = Time spent auto-exploring this place.
 F = Levels seen in this place.
 G = Mean time per level.
                   A        B        C        D        E       F      G
               +--------+--------+--------+--------+--------+-----+--------+
         Total |   2528 |   2491 |     37 |    497 |   1484 |   4 |  632.0 |
       Dungeon |   2528 |   2491 |     37 |    497 |   1484 |   4 |  632.0 |
               +--------+--------+--------+--------+--------+-----+--------+

Top non-repeatable levels by time:
     D:2: 1233 daAuts
     D:1: 1011 daAuts
     D:3: 232 daAuts
     D:4: 50 daAuts
